 Dungeon Crawl Stone Soup version 0.29-a0-857-g9b1aa3ac5b (webtiles) character file.

Game seed: 3333268709147426629

42 jimonade the Shooter (level 3, -1/27 HPs)
             Began as a Formicid Hunter on July 16, 2022.
             Slain by Robin
             ... wielding a +6 vampiric falchion
              (4 damage)
             ... on level 2 of the Dungeon.
             The game lasted 00:02:10 (1261 turns).

jimonade the Shooter (Formicid Hunter)              Turns: 1261, Time: 00:02:12

Health: -1/27      AC:  3    Str: 15    XL:     3   Next: 77%
Magic:  3/3        EV: 12    Int: 10    God:
Gold:   73         SH:  0    Dex: 17    Spells: 2/2 levels left

rFire   . . .      SeeInvis +   a - +0 shortbow
rCold   . . .      Faith    .   (no shield)
rNeg    . . .      Spirit   .   c - +0 leather armour
rPois   .          Reflect  .   (helmet unavailable)
rElec   .          Harm     .   (no cloak)
rCorr   .          Rampage  .   (no gloves)
Will    .....                   (no boots)
Stlth   ++........              (no amulet)
HPRegen 0.09/turn               (no ring)
MPRegen 0.08/turn               (no ring)

@: no status effects
A: permanent stasis, dig shafts and tunnels, antennae 3, four strong arms
a: Dig, Shaft Self


You were on level 2 of the Dungeon.
You visited 1 branch of the dungeon, and saw 2 of its levels.

You collected 73 gold pieces.

Inventory:

Hand Weapons
 a - a +0 shortbow (weapon)
 i - a +1 vorpal spear
Missiles
 f - 3 silver boomerangs
Armour
 c - a +0 leather armour (worn)
 m - a +0 ring mail
 n - a +0 robe
Scrolls
 b - a scroll of immolation
 g - 2 scrolls of identify {unknown}
 j - a scroll of magic mapping {unknown}
Potions
 d - a potion of brilliance {unknown}
 e - a potion of attraction {unknown}
 h - a potion of might {unknown}
 k - 3 potions of curing {unknown}
 l - 2 potions of heal wounds {unknown}


   Skills:
 + Level 2.2 Fighting
 + Level 5.1 Ranged Weapons
 + Level 1.7 Dodging
 - Level 1.2 Stealth


You had 2 spell levels left.
You didn't know any spells.
Your spell library was empty.

Dungeon Overview and Level Annotations

Branches:
Dungeon (2/15)

Altars:

Annotations:
D:2 Robin


Innate Abilities, Weirdness & Mutations

You cannot be hasted, slowed, berserked, paralysed or teleported.
You can dig through walls and to a lower floor.
You have a pair of large antennae on your head. (SInv)
Your four strong arms can wield two-handed weapons with a shield.


Message History

Okay, then.
Fire: a) +0 shortbow
Press: ? - help, Q - select action, (/) - cycle Shift-Dir - straight line, f/p - hobgoblin
Aim: a hobgoblin (moderately wounded, 63% to hit)
You shoot an arrow.
The arrow hits the hobgoblin but does no damage.
The hobgoblin is moderately wounded.
The hobgoblin closely misses you. x2
Robin hits you with a +6 vampiric falchion.
Fire: a) +0 shortbow
Press: ? - help, Q - select action, (/) - cycle Shift-Dir - straight line, f - Robin, p - hobgoblin
Aim: Robin, wielding a +6 vampiric falchion, wearing a +0 animal skin and wearing a +0 helmet (70% to hit)
You shoot an arrow. The arrow hits Robin!
Robin is severely wounded.
The hobgoblin closely misses you. The hobgoblin barely misses you.
Robin roars a battlecry!
The hobgoblins go into a battle-frenzy!
Fire: a) +0 shortbow
Press: ? - help, Q - select action, (/) - cycle Shift-Dir - straight line, p - Robin You shoot an arrow.
The arrow hits Robin but does no damage.
Robin is severely wounded.
The hobgoblin hits you. The hobgoblin closely misses you.
Robin closely misses you.
Fire: a) +0 shortbow
Press: ? - help, Q - select action, (/) - cycle Shift-Dir - straight line You shoot an arrow.
The arrow hits Robin.
Robin is almost dead.
The hobgoblin hits you. Robin closely misses you. The hobgoblin hits you.
The hobgoblin closely misses you. The hobgoblin barely misses you.
Robin hits you with a +6 vampiric falchion!
* * * LOW HITPOINT WARNING * * *
Robin draws strength from your wounds!
Fire: a) +0 shortbow
Press: ? - help, Q - select action, (/) - cycle Shift-Dir - straight line You shoot an arrow.
The arrow hits Robin.
Robin is almost dead.
The hobgoblin closely misses you. x2
Robin hits you with a +6 vampiric falchion.
You die...

# #.#### ####
#.)..#
#....#######.#
#..gg#..).#
#@#.####
#g#.#########
#...).......#
###########.#
#.# #.#
###########
#.#
..........#
#.##
#########.#
#..#


You could see Robin and 2 hobgoblins.

Vanquished Creatures
  A worm (D:2)
  A dart slug (D:1)
  2 ball pythons
  2 bats (D:1)
  An endoplasm (D:1)
  A giant cockroach (D:2)
  5 hobgoblins
  A quokka (D:1)
  4 frilled lizards
  9 goblins
  4 kobolds (D:1)
  5 rats
36 creatures vanquished.

Notes
Turn   | Place    | Note
-------+----------+-------------------------------------------
     0 | D:1      | jimonade the Formicid Hunter began the quest for the Orb.
     0 | D:1      | Reached XP level 1. HP: 16/16 MP: 1/1
   142 | D:1      | Reached XP level 2. HP: 22/22 MP: 2/2
   409 | D:1      | Reached XP level 3. HP: 27/27 MP: 3/3
   803 | D:2      | Reached skill level 5 in Ranged Weapons
  1254 | D:2      | Noticed Robin
  1261 | D:2      | Slain by Robin

Illustrated notes

Levels and vault maps discovered:
D:1:      dpeg_arrival_simpleton_b, layout_basic
D:2:      layout_loops_ring, uniq_robin, uniq_natasha, uniq_sigmund

Skill      XL: |  1  2  3 |
---------------+----------+-----
Ranged Weapons | 5 |  5.1
Fighting       | |  2.2
Dodging        | |  1.7
Stealth        | |  1.2

Action                   || total
-------------------------++-------
 Fire: Shortbow          ||    96
 Abil: Dig               ||     8
Armor: Leather armour    ||    11
Dodge: Dodged            ||    23

Table legend: (Time is in decaauts)
 A = Elapsed time spent in this place.
 B = Non-inter-level travel time spent in this place.
 C = Inter-level travel time spent in this place.
 D = Time resting spent in this place.
 E = Time spent auto-exploring this place.
 F = Levels seen in this place.
 G = Mean time per level.
                   A        B        C        D        E       F      G
               +--------+--------+--------+--------+--------+-----+--------+
         Total |   1289 |   1268 |     21 |      0 |   1028 |   2 |  644.5 |
       Dungeon |   1289 |   1268 |     21 |      0 |   1028 |   2 |  644.5 |
               +--------+--------+--------+--------+--------+-----+--------+

Top non-repeatable levels by time:
     D:1: 679 daAuts
     D:2: 609 daAuts
